 Dungeon Crawl Stone Soup version 0.21.1-1-g345015fe64 (webtiles) character file.

82 Bapho the Shooter (level 4, -2/38 HPs)
             Began as a Centaur Hunter on June 12, 2018.
             Slain by Grinder (4 damage)
             ... on level 3 of the Dungeon.
             The game lasted 00:04:02 (1813 turns).

Bapho the Shooter (Centaur Hunter)                  Turns: 1813, Time: 00:04:02

Health: -2/38      AC:  7    Str: 15    XL:     4   Next: 21%
Magic:  4/4        EV:  9    Int: 10    God:
Gold:   78         SH:  0    Dex: 10    Spells: 3/3 levels left

rFire    . . .     SeeInvis .   a - +1 shortbow
rCold    . . .     Gourm    .   (shield currently unavailable)
rNeg     . . .     Faith    .   c - +0 leather armour
rPois    .         Spirit   .   k - +0 helmet
rElec    .         Reflect  .   (no cloak)
rCorr    .         Harm     .   s - +1 pair of gloves
MR       .....                  (no barding)
Stlth    +.........             (no amulet)
HPRegen  0.12/turn              (no ring)
MPRegen  0.09/turn              (no ring)

@: very quick
A: large, hooves 3, deformed body, speed 2, tough skin 3
a: no special abilities


You were on level 3 of the Dungeon.
You were hungry.

You visited 1 branch of the dungeon, and saw 3 of its levels.

You collected 78 gold pieces.

Inventory:

Hand Weapons
 a - a +1 shortbow (weapon)
 b - a +0 short sword
Missiles
 d - 5 arrows (quivered)
Armour
 c - a +0 leather armour (worn)
 k - a +0 helmet (worn)
 s - a +1 pair of gloves (worn)
Jewellery
 e - an uncursed ring of flight {unknown}
 h - an uncursed amulet of guardian spirit {unknown}
 j - an uncursed ring of see invisible {unknown}
Scrolls
 i - a scroll of random uselessness {unknown}
 l - 3 scrolls of remove curse {unknown}
 m - a scroll of blinking {unknown}
 n - a scroll of enchant weapon {unknown}
 o - a scroll of teleportation {unknown}
 p - 2 scrolls of identify {unknown}
 t - a scroll of fog {unknown}
Potions
 q - a potion of heal wounds {unknown}
 r - a potion of cancellation {unknown}
Comestibles
 f - 5 rations
 g - 7 chunks of flesh


   Skills:
 + Level 3.0 Fighting
 * Level 7.0 Bows
 - Level 1.4 Dodging
 - Level 0.4 Stealth


You had 3 spell levels left.
You didn't know any spells.

Dungeon Overview and Level Annotations

Branches:
Dungeon (3/15)

Altars:
Sif Muna
Wu Jian

Annotations:
D:3 Grinder


Innate Abilities, Weirdness & Mutations

You have hooves in place of feet.
Armour fits poorly on your strangely shaped body.
You cover ground very quickly.
You have extremely tough skin. (AC +3)


Message History

Firing (i - inventory):
d - an arrow (quivered)
Press: ? - help, Shift-Dir - straight line, f/p - Grinder
Aim: Grinder (severely wounded)
You shoot an arrow. The arrow hits Grinder!
Grinder is almost dead.
Grinder blinks!
You see here 2 arrows.
You see here 6 arrows.
d - 6 arrows Firing (i - inventory):
d - 6 arrows (quivered)
Press: ? - help, Shift-Dir - straight line, f/p - Grinder
Aim: Grinder (almost dead)
You shoot an arrow.
The arrow hits Grinder but does no damage.
Grinder is almost dead.
Grinder hits you but does no damage. Grinder hits you.
* * * LOW HITPOINT WARNING * * *
You writhe in agony.
You die...

#### ###...###
#..(....#
##..).._.##
#...(...%.##
#..$.8.....##
#....(.....?#
#._........#
#..@((...)†#
###.5.(..†<#
.........#.#.###
########...#...
........#..
########!. .#
#.. # #.. #.#


You could see Grinder.

Vanquished Creatures
  2 adders (D:2)
  3 worms (D:2)
  2 dart slugs
  2 leopard geckos
  5 giant cockroaches
  8 hobgoblins
  7 kobolds
  2 quokkas
  A ball python (D:1)
  4 bats
  4 frilled lizards
  3 goblins
  6 rats
49 creatures vanquished.

Notes
Turn   | Place    | Note
-------+----------+-------------------------------------------
     0 | D:1      | Bapho the Centaur Hunter began the quest for the Orb.
     0 | D:1      | Reached XP level 1. HP: 17/17 MP: 1/1
   244 | D:1      | Reached XP level 2. HP: 19/24 MP: 2/2
   579 | D:1      | Reached skill level 6 in Bows
  1012 | D:2      | Reached XP level 3. HP: 30/30 MP: 3/3
  1572 | D:2      | Reached XP level 4. HP: 37/37 MP: 4/4
  1751 | D:3      | Found a deep blue altar of Sif Muna.
  1751 | D:3      | Noticed Grinder
  1756 | D:3      | Reached skill level 7 in Bows
  1761 | D:3      | Paralysed by Grinder for 2 turns
  1775 | D:3      | Found an ornate altar of the Wu Jian Council.
  1778 | D:3      | Paralysed by Grinder for 3 turns
  1786 | D:3      | Paralysed by Grinder for 7 turns
  1813 | D:3      | Slain by Grinder

Skill      XL: |  1  2  3  4 |
---------------+-------------+-----
Bows           | 6 7 |  7.0
Fighting       | 3 |  3.0
Dodging        | |  1.4
Stealth        | |  0.4

Action                   |  1- 3 |  4- 6 || total
-------------------------+-------+-------++-------
Melee: Short sword       |    15 |     9 ||    24
       Kick              |     3 |     1 ||     4
 Fire: Shortbow          |   143 |    37 ||   180
  Eat: Chunk             |     1 |       ||     1
Armor: Leather armour    |    28 |     9 ||    37
Dodge: Dodged            |    22 |     8 ||    30
